Map: Magannatha LE

Players

ManlyManMeat - Winner!

  • Race: Zerg Zerg
  • League: Diamond
  • Spawn Location: 11:00

dajiba

  • Race: Terran Terran
  • League: Platinum
  • Spawn Location: 5:00

VOD

Have the link to the VOD?

Description

Time

  • Played on: July 13, 2025, 10:30 a.m.
  • Length: 9:25
Show
View Real Time Build Order
Export as new Build Order

ManlyManMeat Zerg - Winner!

Build Orders: Hatch First 

Get SALT Encoding   

  12  0:00  Drone  
  13  0:07  Drone  
  13  0:13  Extractor  
  13  0:15  Drone  
  15  0:21  Overlord  
  15  0:42  Drone  
  16  0:48  Hatchery  
  15  0:50  Drone  
  15  0:54  Drone  
  17  0:57  Drone  
  18  1:09  Extractor  
  17  1:15  Spawning Pool  
  17  1:17  Drone  
  17  1:20  Drone  
  18  1:26  Drone  
  19  1:37  Drone  
  20  2:01  Queen x2  
  20  2:02  Zergling x4  
  20  2:04  Overlord  
  26  2:13  Drone  
  27  2:27  Hatchery  
  26  2:33  Drone x3  
  29  2:37  Metabolic Boost  
  29  2:50  Drone x2  
  31  2:51  Overlord  
  31  2:57  Queen  
  33  2:59  Drone  
  33  3:02  Drone  
  33  3:04  Drone  
  36  3:12  Drone x2  
  38  3:13  Drone  
  39  3:20  Drone x2, Overlord  
  41  3:28  Overlord  
  41  3:29  Drone x2  
  43  3:42  Queen  
  43  3:43  Queen  
  43  3:46  Lair  
  47  3:50  Drone  
  47  3:51  Drone  
  47  3:53  Extractor  
  48  3:58  Zergling x6  
  48  4:00  Drone x3  
  54  4:10  Drone x4  
  54  4:14  Baneling Nest  
  54  4:15  Drone  
  54  4:16  Drone, Extractor  
  58  4:30  Zergling x2  
  58  4:31  Zergling x4  
  61  4:40  Drone  
  61  4:41  Drone x2  
  61  4:42  Drone  
  61  4:43  Drone  
  61  4:44  Overlord x4  
  66  4:48  Overseer  
  66  5:10  Spore Crawler  
  66  5:12  Spore Crawler  
  66  5:13  Drone x2, Overseer, Spore Crawler  
  66  5:14  Drone x5  
  67  5:15  Drone  
  71  5:28  Drone x2  
  71  5:29  Drone, Zergling x6  
  71  5:30  Zergling x4  
  71  5:32  Hatchery  
  71  5:35  Evolution Chamber  
  77  5:37  Drone x4  
  77  5:38  Spire  
  80  5:47  Extractor x2  
  80  5:48  Extractor  
  77  5:50  Zergling x2, Baneling x6  
  77  5:51  Zergling x8  
  82  6:05  Queen  
  82  6:06  Queen  
  86  6:16  Drone x4  
  90  6:23  Overlord x3  
  90  6:24  Overlord x2  
  90  6:32  Hatchery, Centrifugal Hooks  
  89  6:33  Zerg Melee Weapons Level 1  
  89  6:35  Hatchery  
  87  6:52  Drone x3, Mutalisk  
  87  6:53  Mutalisk x4, Spore Crawler  
  99  6:56  Spore Crawler  
  98  7:02  Zergling x14  
  105  7:15  Drone x2  
  107  7:16  Mutalisk  
  107  7:17  Mutalisk x2  
  107  7:21  Zergling x16  
  121  7:29  Evolution Chamber  
  120  7:35  Mutalisk  
  122  7:50  Zergling x22  
  133  7:56  Zergling x14  
  140  8:09  Zergling x8  
  140  8:10  Zergling x6  
  147  8:31  Baneling x5  
  147  8:32  Overlord x5, Baneling x5  
  147  8:33  Overlord  
  118  9:00  Zergling x32  
Show
View Real Time Build Order
Export as new Build Order

dajiba Terran 

Build Orders: Reaper Expand, Hellion Banshee 

Get SALT Encoding   

  12  0:00  SCV  
  13  0:12  SCV  
  14  0:17  Supply Depot  
  14  0:24  SCV  
  15  0:38  SCV  
  15  0:40  Barracks  
  16  0:46  Refinery  
  16  0:50  SCV  
  17  1:03  SCV  
  18  1:15  SCV  
  19  1:29  Orbital Command  
  19  1:30  Reaper  
  20  1:39  Command Center  
  20  1:46  Supply Depot  
  20  1:54  SCV  
  21  2:02  Marine  
  21  2:06  SCV  
  23  2:10  Factory  
  23  2:19  SCV  
  25  2:26  Barracks Reactor  
  24  2:33  SCV  
  25  2:40  Command Center  
  24  2:45  SCV  
  25  2:55  Bunker  
  25  2:57  Supply Depot  
  25  3:00  Supply Depot  
  25  3:04  Orbital Command  
  24  3:15  Starport  
  24  3:16  SCV  
  25  3:22  Barracks Tech Lab  
  25  3:25  Hellion  
  27  3:30  SCV  
  27  3:31  SCV  
  29  3:41  Marine  
  29  3:45  Refinery, SCV x2  
  29  3:48  Refinery  
  32  3:49  Hellion  
  32  3:51  Hellion, Starport Tech Lab  
  36  3:59  Orbital Command  
  36  4:01  SCV  
  36  4:02  SCV  
  38  4:06  Marine  
  39  4:11  Banshee  
  39  4:13  SCV  
  39  4:15  SCV  
  44  4:20  Stimpack  
  44  4:25  SCV  
  44  4:27  SCV  
  44  4:29  SCV  
  44  4:30  Hellion  
  49  4:32  Hellion  
  49  4:35  Marine  
  49  4:37  SCV  
  53  4:39  SCV  
  53  4:43  SCV  
  55  4:47  Engineering Bay x2  
  55  4:53  Banshee  
  55  4:58  SCV x2  
  55  4:59  Hellion  
  64  5:00  Hellion  
  64  5:03  Refinery  
  64  5:15  Terran Infantry Armor Level 1, Terran Infantry Weapons Level 1  
  64  5:16  SCV x2  
  64  5:20  Supply Depot x2  
  66  5:27  Barracks  
  66  5:32  Barracks  
  66  5:33  Factory Reactor  
  66  5:35  Orbital Command  
  66  5:41  Supply Depot x2  
  66  5:44  Marine  
  67  5:51  Barracks  
  67  5:52  Barracks  
  67  5:53  Missile Turret  
  67  5:55  Missile Turret  
  67  5:56  SCV  
  65  6:02  SCV x2  
  67  6:06  Starport Reactor  
  67  6:08  SCV  
  68  6:15  Armory  
  68  6:16  SCV x2  
  70  6:20  Missile Turret, SCV  
  71  6:27  Factory Tech Lab  
  71  6:28  Marine x3, SCV  
  71  6:29  Marine x2  
  71  6:31  SCV  
  71  6:32  SCV  
  79  6:39  Barracks Reactor  
  79  6:40  SCV, Barracks Reactor  
  79  6:44  SCV x2  
  79  6:45  Barracks x2  
  79  6:46  Marine  
  83  6:52  SCV  
  84  6:54  Marine x2  
  84  6:55  Marine  
  84  6:56  SCV x2  
  84  6:59  Barracks  
  89  7:02  Barracks  
  89  7:04  Marine x2  
  89  7:07  Medivac x2  
  95  7:15  Supply Depot, Marine x5  
  97  7:17  Supply Depot x2, Siege Tank  
  103  7:24  Marine  
  103  7:25  Marine  
  103  7:26  Marine  
  103  7:27  Marine  
  107  7:36  Marine  
  107  7:37  Marine x3, Barracks Reactor x2  
  109  7:40  Marine  
  109  7:42  Marine  
  109  7:43  Marine  
  114  7:44  Marine  
  114  7:45  Supply Depot  
  114  7:47  Supply Depot, Marine x2  
  114  7:48  Medivac x2  
  121  7:54  Supply Depot, Marine x3  
  121  7:55  Marine  
  121  7:57  Marine  
  126  7:59  Combat Shield  
  126  8:00  Marine  
  126  8:02  Marine x2  
  126  8:05  Marine  
  130  8:07  Marine  
  130  8:08  Supply Depot  
  130  8:12  Marine x3, Siege Tank  
  135  8:16  Supply Depot  
  135  8:17  Marine  
  135  8:18  Marine x3, Medivac  
  135  8:19  Marine  
  144  8:21  Medivac  
  144  8:25  Supply Depot  
  146  8:27  Barracks Reactor  
  146  8:28  Marine x3  
  146  8:29  Marine  
  110  8:55  SCV  
  110  8:56  SCV  
  110  8:57  Marine x3  
  103  9:07  SCV  
  103  9:08  SCV  
Tags
 
Add a new tag
Caveats
  • Supply blocks, unpowered buildings, or Contaminate may cause inaccurate times.
  • Supply counts are checked every 10 seconds.